 Dungeon Crawl Stone Soup version 0.30-a0-475-g03497ec522 (webtiles) character file.

Game seed: 6585284127143955035

6452 zishaf the Zephyrmancer (level 10, -1/63 HPs)
             Began as a Tengu Air Elementalist on Dec 20, 2022.
             Was a Priest of Vehumet.
             Killed by divine providence
             ... invoked by a smoke demon
              (10 damage)
             ... on level 2 of the Abyss.
             The game lasted 00:15:59 (9999 turns).

zishaf the Zephyrmancer (Tengu Air Elementalist)    Turns: 9999, Time: 00:16:00

Health: -1/63      AC: 16    Str:  4    XL:     10   Next: 99%
Magic:  26/26      EV: 12    Int: 16    God:    Vehumet [***...]
Gold:   257        SH: 11    Dex: 19    Spells: 9/17 levels left

rFire   x . .      SeeInvis +    E - +1 demon whip (drain)
rCold   . . .      Faith    .    h - +0 kite shield
rNeg    . . .      Spirit   .    A - +3 leather armour {rF+}
rPois   .          Reflect  .    (helmet restricted)
rElec   .          Harm     .    C - +2 cloak {Will+}
rCorr   .          Rampage  .    n - +2 pair of gloves
Will    +....                    (boots unavailable)
Stlth   ++........               f - amulet "Cosel" {RegenMP Dex+4 SInv}
HPRegen 0.30/turn                k - ring of magical power
MPRegen 0.60/turn                o - +4 ring of protection

@: flying quickly and evasively, quick
A: beak, talons 3, nimble flight, [dopey 2], [screaming 2], [weak 2], [heat
vulnerability 2]
a: Renounce Religion


You were on level 2 of the Abyss.
You worshipped Vehumet.
Vehumet was most pleased with you.
You visited 2 branches of the dungeon, and saw 10 of its levels.
You visited the Abyss 1 time.

You collected 257 gold pieces.

Inventory:

Hand Weapons
 j - a +2 short sword of protection
 E - a +1 demon whip of draining (weapon)
Missiles
 x - a throwing net
Armour
 h - a +0 kite shield (worn)
 n - a +2 pair of gloves (worn)
 q - a +1 robe of positive energy
 A - a +3 leather armour of fire resistance (worn)
 C - a +2 cloak of willpower (worn)
Jewellery
 d - an amulet of reflection
 f - the amulet "Cosel" (around neck) {RegenMP Dex+4 SInv}
   (You acquired it on level 5 of the Dungeon)

   [amulet of magic regeneration]

   It increases your rate of magic regeneration.
   Dex:       It affects your dexterity (+4).
   SInv:      It lets you see invisible.
 k - a ring of magical power (left hand)
 o - a +4 ring of protection (right hand)
Wands
 a - a wand of quicksilver (8)
 i - a wand of digging (8)
 F - a wand of roots (2)
Scrolls
 l - a scroll of blinking
 m - a scroll of immolation
 r - a scroll of fear
 s - a scroll of magic mapping
 y - 2 scrolls of teleportation
 B - a scroll of silence
Potions
 b - a potion of magic
 c - 2 potions of attraction
 e - a potion of mutation
 g - a potion of invisibility
 p - a potion of cancellation {unknown}
 t - a potion of might {unknown}
 u - 4 potions of heal wounds {unknown}
 v - 2 potions of lignification
 w - 4 potions of ambrosia
 z - 2 potions of curing
 D - 2 potions of haste {unknown}


   Skills:
 + Level 7.4 Fighting
 - Level 2.1 Dodging
 - Level 2.0 Stealth
 + Level 7.4 Shields
 - Level 4.0 Spellcasting
 + Level 10.1 Conjurations
 - Level 5.0 Fire Magic
 + Level 10.7 Air Magic


You had 9 spell levels left.
You knew the following spells:

 Your Spells              Type           Power      Damage    Failure   Level
a - Shock                 Conj/Air       100%       1d9       1%          1
b - Airstrike             Air            18%        2d(3-19)  2%          4
A - Static Discharge      Conj/Air       72%        2-5/arc   1%          2
B - Foxfire               Conj/Fire      100%       2x1d9     1%          1

Your spell library contained the following spells:

 Spells                   Type           Power      Damage    Failure   Level
 Scorch                   Fire           38%        2d7       4%          2
 Swiftness                Air            37%        N/A       2%          3
 Frozen Ramparts          Ice            6%         1d1       47%         3
 Ice Form                 Ice/Tmut       3%         N/A       100%        4
 Summon Ice Beast         Ice/Summ       3%         N/A       100%        4


Dungeon Overview and Level Annotations

Branches:
Dungeon (9/15)             Temple (1/1) D:4
   Lair: D:8-11         Orc: D:9-12

Altars:
Ashenzari
Cheibriados
Dithmenos
Elyvilon
Gozag
Hepliaklqana
Kikubaaqudgha
Makhleb
Nemelex Xobeh
Okawaru
Qazlal
Ru
Sif Muna
Trog
Uskayaw
Vehumet
Wu Jian
Xom
Yredelemnul
Zin
The Shining One

Shops:
D:6 *=

Annotations:
D:4 3 runed translucent doors, Darkkill's ghost, amateur MiHu


Innate Abilities, Weirdness & Mutations

You have a beak for a mouth.
You have claws for feet.
Your magical nature lets you fly swiftly and evasively.
[You are very dopey. (Int -4)]
[You frequently scream uncontrollably at your foes.]
[You are very weak. (Str -4)]
[You are very vulnerable to heat. (rF--)]


Message History

You feel strangely unstable.
You feel the power of the Abyss delaying your translocation!
You block the small abomination's attack.
The small abomination hits you.
You block the small abomination's attack.
You block the small abomination's attack.
You block the small abomination's attack.
The small abomination hits you but does no damage.
The small abomination hits you!
You block the small abomination's attack.
The small abomination closely misses you.
You are suddenly pulled into a different region of the Abyss!
A tentacled starspawn comes into view.
Tentacles burst from the starspawn's body!
A starspawn tentacle comes into view.
An ancient zyme comes into view.
You feel yourself growing ill in the presence of the ancient zyme.
A ynoxinul comes into view.
A smoke demon comes into view.
The smoke demon roars!
A starcursed mass comes into view.
A starcursed mass splits.
You block the smoke demon's attack. The smoke demon hits you.
You block the smoke demon's attack.
A starcursed mass splits.
The smoke demon gestures at you. The ball of steam hits you!!
The steam scalds you terribly!
You are engulfed in a cloud of scalding steam.
You scream at the starcursed mass!
A starcursed mass comes into view.
You are engulfed in a cloud of scalding steam.
You hear a roar!
A starcursed mass splits.
You are engulfed in a cloud of scalding steam.
* * * LOW HITPOINT WARNING * * *
A chorus of shrieks assaults your mind.
* * * LOW HITPOINT WARNING * * *
A starcursed mass splits.
The smoke demon gestures at you. Something smites you!
You die...

... #.# #.# #.#
#.# #.#
#.#######
###@.XXX...
#.#.#######
##3##.##..#
##X#.#..X.#
#.#...####.....
#..#..X # # .
##.#.......#
###.###...# #.#
.###


You could see 4 starcursed masses and a smoke demon.

Vanquished Creatures
  Erica (D:7)
  A troll (D:8)
  Prince Ribbit (D:6)
  A wraith (D:9)
  8 yaks
  A ynoxinul (Abyss:2)
  4 water moccasins
  2 black bears
  3 ice beasts
  An orc warrior (D:9)
  3 centaurs
  2 phantoms (D:5)
  4 bullfrogs
  A necrophage (D:6)
  8 scorpions
  6 wights
  14 killer bees
  2 hounds (D:4)
  A quasit (D:4)
  2 jellies
  3 orc priests
  Crazy Yiuf (D:7)
  8 orc wizards
  4 iguanas
  6 adders
  10 gnolls
  4 shadow imps
  3 white imps (D:4)
  6 ufetubi
  4 dart slugs
  21 orcs
  10 ball pythons
  4 bats
  8 endoplasms
  A giant cockroach (D:1)
  8 hobgoblins
  5 jackals
  4 quokkas
  3 frilled lizards
  9 goblins
  8 kobolds
  7 rats
  A spectral orc (D:3)
204 creatures vanquished.

Vanquished Creatures (others)
  2 orcs (D:7)
  2 demonic plants (D:4)
  17 foxfires
  48 fungi (D:9)
  61 plants (D:9)
  4 starspawn tentacles (Abyss:2)
134 creatures vanquished.

Grand Total: 338 creatures vanquished

Notes
Turn   | Place    | Note
-------+----------+-------------------------------------------
     0 | D:1      | zishaf the Tengu Air Elementalist began the quest for the
                  | Orb.
     0 | D:1      | Reached XP level 1. HP: 10/10 MP: 4/4
   271 | D:1      | Reached XP level 2. HP: 16/16 MP: 3/6
   598 | D:1      | Reached skill level 1 in Fighting
  1133 | D:2      | Reached XP level 3. HP: 20/20 MP: 7/7
  1168 | D:2      | Reached skill level 1 in Shields
  1197 | D:2      | Found a faded altar of an unknown god.
  1201 | D:2      | Learned a level 2 spell: Static Discharge
  1363 | D:2      | Reached XP level 4. HP: 16/25 MP: 6/8
  1436 | D:2      | Reached skill level 5 in Air Magic
  1456 | D:2      | Gained mutation: Your magical nature lets you fly swiftly
                  | and evasively. [Tengu growth]
  1456 | D:2      | Reached XP level 5. HP: 28/30 MP: 9/9
  2409 | D:3      | Found a hazy altar of Hepliaklqana.
  2794 | D:3      | Reached XP level 6. HP: 35/36 MP: 10/10
  3715 | D:4      | Found a staircase to the Ecumenical Temple.
  3741 | Temple   | Entered the Ecumenical Temple
  3962 | Temple   | Became a worshipper of Vehumet
  4207 | D:4      | Reached XP level 7. HP: 36/41 MP: 11/11
  4347 | D:4      | Reached skill level 5 in Conjurations
  4684 | D:4      | Found a runed translucent gate.
  4685 | D:4      | Found a runed translucent gate.
  4688 | D:4      | Found a runed translucent gate.
  4690 | D:4      | Noticed Darkkill's ghost (amateur MiHu)
  4712 | D:5      | Entered Level 5 of the Dungeon
  4734 | D:4      | Learned a level 4 spell: Airstrike
  4778 | D:5      | Reached XP level 8. HP: 44/48 MP: 12/12
  4934 | D:5      | Reached * piety under Vehumet
  4934 | D:5      | Offered knowledge of Foxfire by Vehumet.
  4971 | D:5      | Learned a level 1 spell: Foxfire
  5007 | D:5      | Reached skill level 1 in Fire Magic
  5410 | D:5      | Identified a scroll of acquirement
  5410 | D:5      | Acquired the amulet "Cosel" {RegenMP Dex+4 SInv}
  5818 | D:6      | Found Ruptis Zukei's Assorted Antiques.
  5862 | D:6      | Reached skill level 5 in Fighting
  5862 | D:6      | Reached skill level 5 in Shields
  5862 | D:6      | Reached XP level 9. HP: 41/54 MP: 14/14
  5920 | D:6      | Noticed Prince Ribbit
  5931 | D:6      | Killed Prince Ribbit
  5965 | D:6      | Found Vochah's One-of-a-Kind Rings.
  6081 | D:6      | Found an ancient bone altar of Kikubaaqudgha.
  6997 | D:7      | Found a runed translucent door.
  7000 | D:7      | Noticed Crazy Yiuf
  7083 | D:7      | Killed Crazy Yiuf
  7121 | D:8      | Noticed Erica
  7135 | D:7      | Killed Erica
  7141 | D:7      | HP: 2/55 [poisoned by Erica (bolt of poison)]
  7336 | D:8      | Reached ** piety under Vehumet
  7336 | D:8      | Offered knowledge of Sandblast by Vehumet.
  7340 | D:8      | Reached XP level 10. HP: 46/60 MP: 17/17
  7353 | D:7      | HP: 3/60 [poisoned by a killer bee]
  7355 | D:7      | HP: 1/60 [poisoned by a killer bee]
  7592 | D:8      | Identified the +0 leather armour "Puwyudea" {rF+}
  7948 | D:8      | Offered knowledge of Scorch by Vehumet.
  8193 | D:8      | Reached skill level 5 in Fire Magic
  8495 | D:8      | Reached skill level 10 in Air Magic
  8640 | D:8      | Reached *** piety under Vehumet
  8874 | D:9      | Reached skill level 10 in Conjurations
  8975 | Abyss:2  | Cast into level 2 of the Abyss (gnoll sergeant)
  9083 | Abyss:2  | Noticed a tentacled starspawn
  9089 | Abyss:2  | Noticed a thrashing horror
  9108 | Abyss:2  | Noticed a starcursed mass
  9226 | Abyss:2  | Noticed a large abomination
  9767 | Abyss:2  | Noticed a wretched star
  9768 | Abyss:2  | Noticed a demonic crawler
  9776 | Abyss:2  | Noticed a wretched star
  9842 | Abyss:2  | Found a corrupted altar of Lugonu.
  9910 | Abyss:2  | Noticed a thrashing horror
  9963 | Abyss:2  | Noticed a tentacled starspawn
  9988 | Abyss:2  | Noticed a smoke demon
  9990 | Abyss:2  | Noticed a starcursed mass
  9997 | Abyss:2  | Noticed a starcursed mass
  9999 | Abyss:2  | Killed from afar by a smoke demon

Illustrated notes

Levels and vault maps discovered:
D:1:      minmay_arrival_four_circles, layout_loops_ring
D:2:      layout_basic, ebering_ecumenical_altar_webs, interstate_on_off,
          moated_statue, nrook_mini_vaults
D:3:      layout_basic, nicolae_hepliaklqana_monster_ancestors
D:4:      minmay_diamond_boxcup, layout_basic, minmay_temple_entry_glassed_door,
          serial_demonic, serial_demonic_e, serial_demonic_d, serial_demonic_g,
          serial_demonic_c, serial_demonic_e, gammafunk_ghost_necromancy
D:5:      layout_loops_ring, chequers_jeans
D:6:      layout_gridville, kiku_gazebo_pond_becter, serial_shops,
          kennysheep_little_box, nicolae_shop_unique_rings, uniq_prince_ribbit1
D:7:      layout_rooms, uniq_crazy_yiuf_cottage
D:8:      layout_basic, uniq_erica
D:9:      layout_small_grid, tgw_fedhas, due_lair_maze_entry_diamond,
          serial_shops, nicolae_shop_crystal
Temple:   nicolae_temple_bog_church
Abyss:2:  base: D:3, evilmike_abyss_exit_15, hangedman_eye_storm,
          hangedman_eye_storm, hangedman_abyss_river_spirits,
          hangedman_shadowy_showcase, spicy_abyss_unhelpful_harpoons,
          bh_abyss_negative, evilmike_abyss_exit_mutagenic

Skill      XL: |  1  2  3  4  5  6  7  8  9 10 |
---------------+-------------------------------+-----
Conjurations   | 2 3 4 5 7 8 10 | 10.1
Fighting       | 1 2 3 4 5 6 7 |  7.4
Shields        | 1 2 3 4 5 6 7 |  7.4
Air Magic      | 5 6 7 9 10 | 10.7
Fire Magic     | 2 4 5 |  5.0
Spellcasting   | 4 |  4.0
Dodging        | |  2.1
Stealth        | |  2.0

Action                   |  1- 3 |  4- 6 |  7- 9 | 10-12 || total
-------------------------+-------+-------+-------+-------++-------
Melee: Unarmed           |     7 |       |       |       ||     7
       Short sword       |     5 |    27 |    16 |       ||    48
       Kick              |     2 |     3 |    43 |    65 ||   113
       Peck              |     1 |     5 |    24 |    34 ||    64
       Demon whip        |       |       |   105 |   153 ||   258
       Punch             |       |       |     1 |       ||     1
 Cast: Shock             |    68 |    82 |    24 |       ||   174
       Static Discharge  |     3 |    35 |    41 |    47 ||   126
       Foxfire           |       |       |       |    10 ||    10
  Use: Scroll            |       |       |    21 |     3 ||    24
       Potion            |       |       |     1 |       ||     1
 Stab: Sleeping          |       |     1 |     4 |     1 ||     6
Armor: Robe              |     1 |    11 |       |       ||    12
       Leather armour    |       |     4 |    69 |    86 ||   159
Dodge: Dodged            |    14 |    50 |   132 |    97 ||   293
Block: Other             |     9 |    12 |    12 |       ||    33
       Reflection        |     3 |       |       |       ||     3
       Kite shield       |       |       |    17 |   175 ||   192

Table legend: (Time is in decaauts)
 A = Elapsed time spent in this place.
 B = Non-inter-level travel time spent in this place.
 C = Inter-level travel time spent in this place.
 D = Time resting spent in this place.
 E = Time spent auto-exploring this place.
 F = Levels seen in this place.
 G = Mean time per level.
                   A        B        C        D        E       F      G
               +--------+--------+--------+--------+--------+-----+--------+
         Total |   9663 |   9459 |    204 |   1676 |   5964 |  11 |  878.5 |
       Dungeon |   8460 |   8285 |    175 |   1143 |   5784 |   9 |  940.0 |
        Temple |    225 |    197 |     28 |      0 |    180 |   1 |  225.0 |
         Abyss |    977 |    977 |      0 |    533 |      0 |   1 |  977.0 |
               +--------+--------+--------+--------+--------+-----+--------+

Top non-repeatable levels by time:
     D:3: 1192 daAuts
     D:8: 1145 daAuts
     D:1: 1121 daAuts
     D:2: 1030 daAuts
     D:4: 1002 daAuts
     D:6: 988 daAuts
 Abyss:2: 977 daAuts
     D:7: 859 daAuts
     D:5: 820 daAuts
     D:9: 300 daAuts
  Temple: 225 daAuts
